 Dungeon Crawl Stone Soup version 0.18.1-2-ga659475 (webtiles) character file.

50 Implojin the Insei (level 3, -3/29 HPs)
             Began as a Mummy Monk on May 8, 2016.
             Slain by a hobgoblin (5 damage)
             ... on level 2 of the Dungeon.
             The game lasted 00:03:53 (2403 turns).

Implojin the Insei (Mummy Monk)                     Turns: 2403, Time: 00:03:54

Health: -3/29      AC:  0    Str: 14    XL:     3   Next: 55%
Magic:  3/3        EV: 13    Int:  9    God:
Gold:   42         SH:  0    Dex: 15    Spells: 0 memorised, 2 levels left

rFire  x . .     SeeInvis .       - Unarmed
rCold  + . .     Gourm    .     (no armour)
rNeg   + + +     Faith    .     (no shield)
rPois  ∞         Spirit   .     (no helmet)
rElec  .         Dismiss  .     (no cloak)
rCorr  .         Reflect  .     (no gloves)
SustAt .         Harm     .     (no boots)
MR     +....                    (no amulet)
Stlth  ++........               (no ring)
                                c - ring of protection from magic

@: about to teleport, somewhat resistant to hostile enchantments, unstealthy
A: no food or potions, fire vulnerability, cold resistance 1, negative energy
resistance 3, torment resistance, unbreathing
a: no special abilities


You were on level 2 of the Dungeon.
You were not hungry.

You visited 1 branch of the dungeon, and saw 2 of its levels.

You collected 42 gold pieces.

Inventory:

Jewellery
 c - a ring of protection from magic (left hand)
Scrolls
 a - 2 scrolls of amnesia {unknown}
 d - 2 scrolls of remove curse {unknown}
 f - a scroll of identify {unknown}
 g - a scroll of immolation {unknown}
Comestibles
 b - a meat ration


   Skills:
 - Level 3.0 Fighting
 - Level 2.4 Dodging
 - Level 1.5 Stealth
 * Level 4.4 Unarmed Combat


You had 2 spell levels left.
You didn't know any spells.

Dungeon Overview and Level Annotations

Branches:
Dungeon (2/15)

Altars:

Annotations:
D:2 exclusion: adder


Innate Abilities, Weirdness & Mutations

You do not eat or drink.
Your flesh is vulnerable to fire.
You are immune to poison.
Your flesh is cold resistant.
You are immune to negative energy.
You are immune to unholy pain and torment.
You can survive without breathing.


Message History

You closely miss the goblin. The goblin hits you.
You hit the goblin.
You kill the goblin!
g - a scroll labeled CYOBIW FOSE You see here a goblin corpse.
You start resting.
A gnoll comes into view. It is wielding a club.
You see here a beef jerky.
The gnoll shouts!
You see here a goblin corpse.
The gnoll shouts!
There is a large open door here.
A gnoll comes into view. It is wielding a whip.
There is a fountain of clear blue water here.
There is a large open door here.
The gnoll hits you with a whip.
There is a fountain of clear blue water here.
You open the door. The gnoll hits you with a club.
* * * LOW HITPOINT WARNING * * *
The gnoll closely misses you. The gnoll hits you with a club!
* * * LOW HITPOINT WARNING * * *
There is an open door here.
You see here a club.
There is a stone staircase leading up here.
The gnoll barely misses you.
You see here a club.
A hobgoblin comes into view.
The hobgoblin shouts!
Read which item? (? for menu, Esc to quit)
Okay, then.
Read which item? (? for menu, Esc to quit)
As you read the scroll labeled YRAOKHL RIYPUKHLO, it crumbles to dust.
You feel strangely unstable.
It was a scroll of teleportation.
The gnoll hits you with a club.
* * * LOW HITPOINT WARNING * * *
You barely miss the hobgoblin. The hobgoblin hits you.
* * * LOW HITPOINT WARNING * * *
You closely miss the hobgoblin. The gnoll misses you. The hobgoblin hits you.
You die...

##># #.######..# #.##.#
##. .........# #.##>#
... #######.# #.##.# ##
#.########.##.##
#.....>.....#..#
###.........##.#
#............#
##########.........(###
#...ggg@g.............#
#.########.....(....#.#
#.# #..........#.# #g#
#..........#.# #.#
#............# #g#
#########.####.#.#
#####)####.........#
#.#.#
#.g........#########
#.#.# #g######...#
#...#


You could see 3 gnolls and a hobgoblin.

Vanquished Creatures
  An adder (D:2)
  A dart slug (D:1)
  A giant gecko (D:2)
  A ball python (D:1)
  A giant cockroach (D:1)
  4 goblins
  6 hobgoblins
  A quokka (D:2)
  6 bats
  2 giant newts
  7 kobolds
  6 rats
37 creatures vanquished.

Notes
Turn   | Place    | Note
--------------------------------------------------------------
     0 | D:1      | Implojin the Mummy Monk began the quest for the Orb.
     0 | D:1      | Reached XP level 1. HP: 18/18 MP: 1/1
   549 | D:1      | Reached XP level 2. HP: 20/24 MP: 2/2
  1222 | D:2      | Reached skill level 4 in Unarmed Combat
  1597 | D:2      | Reached XP level 3. HP: 29/29 MP: 3/3
  2403 | D:2      | Slain by a hobgoblin

Skill      XL: |  1  2 |
---------------+-------+-----
Unarmed Combat | 4 |  4.4
Fighting       | |  3.0
Dodging        | |  2.4
Stealth        | |  1.5

Action                   || total
-------------------------++-------
Melee: Unarmed           ||   134
       Punch             ||     3
  Use: Scroll            ||     1
 Stab: Sleeping          ||     6
Dodge: Dodged            ||    81

Table legend:
 A = Turns spent in this place as a percentage of turns spent in the entire game.
 B = Non-inter-level travel turns spent in this place as a percentage of non-inter-level travel turns spent in the entire game.
 C = Inter-level travel turns spent in this place as a percentage of turns spent in this place.
 D = Turns resting spent in this place as a percentage of non-inter-level travel turns spent in this place.
 E = Turns spent auto-exploring this place as a percentage of non-inter-level travel turns spent in this place.
 F = Non-inter-level travel turns spent in this place divided by the number of levels of this place that you've seen.
                   A       B       C       D       E      F
               +-------+-------+-------+-------+-------+----------------------
         Total | 100.0 | 100.0 |   0.2 |   6.3 |   6.8 | 331.0
       Dungeon | 100.0 | 100.0 |   0.2 |   6.3 |   6.8 | 331.0
               +-------+-------+-------+-------+-------+----------------------

Table legend:
 A = Kills in this place as a percentage of kills in entire the game.
 B = Kills by you in this place as a percentage of kills by you in the entire game.
 C = Kills by friends in this place as a percentage of kills by friends in the entire game.
 D = Other kills in this place as a percentage of other kills in the entire game.
 E = Experience gained in this place as a percentage of experience gained in the entire game.
 F = Experience gained in this place divided by the number of levels of this place that you have seen.
                   A       B       C       D       E      F
               +-------+-------+-------+-------+-------+----------------------
         Total | 100.0 | 100.0 |  -nan |  -nan | 100.0 |  36.0
       Dungeon | 100.0 | 100.0 |  -nan |  -nan | 100.0 |  36.0
               +-------+-------+-------+-------+-------+----------------------
